 Dungeon Crawl Stone Soup version 0.24-a0-537-g2d01d4ab0a (webtiles) character file.

Game seed: 7415485452766032585

2971 Gynju the Covert (level 9, -5/39 HPs)
             Began as a Spriggan Enchanter on Aug 13, 2019.
             Was a Follower of Kikubaaqudgha.
             Slain by a death yak (15 damage)
             ... on level 8 of the Dungeon on Aug 14, 2019.
             The game lasted 00:27:05 (8312 turns).

Gynju the Covert (Spriggan Enchanter)               Turns: 8312, Time: 00:27:06

Health: -5/39      AC:  7    Str:  4    XL:     9   Next: 53%
Magic:  3/20       EV: 18    Int: 23    God:    Kikubaaqudgha [*.....]
Gold:   484        SH: 12    Dex: 16    Spells: 13/22 levels left

rFire    . . .     SeeInvis +   a - +2 dagger
rCold    . . .     Gourm    .   l - +2 buckler {AC+3}
rNeg     . . .     Faith    .   b - +0 robe
rPois    .         Spirit   .   (helmet restricted)
rElec    .         Reflect  +   E - +1 cloak
rCorr    .         Harm     .   (gloves unavailable)
MR       +....                  (boots unavailable)
Stlth    +++++.....             t - +3 amulet of reflection
HPRegen  0.13/turn              p - +3 ring of intelligence
MPRegen  0.17/turn              (no ring)

@: very quick
A: very small, unfitting armour, see invisible, herbivore, speed 3, slow
metabolism 2
a: Receive Corpses, Renounce Religion


You were on level 8 of the Dungeon.
You worshipped Kikubaaqudgha.
Kikubaaqudgha was aware of your devotion.
You were hungry.

You visited 2 branches of the dungeon, and saw 10 of its levels.

You collected 484 gold pieces.

Inventory:

Hand Weapons
 a - a +2 dagger (weapon)
 H - a +0 rapier
Missiles
 r - 23 poisoned darts (quivered)
Armour
 b - a +0 robe (worn)
 j - a scarf of resistance
 l - a +2 buckler of protection (worn)
 E - a +1 cloak (worn)
Jewellery
 o - an uncursed amulet of magic regeneration
 p - a +3 ring of intelligence (left hand)
 t - a +3 amulet of reflection (around neck)
Wands
 s - a wand of digging (5)
 D - a wand of iceblast (9)
 M - a wand of random effects (13)
Scrolls
 c - 3 scrolls of enchant weapon
 g - 6 scrolls of teleportation
 h - a scroll of fear
 i - 3 scrolls of identify
 m - 3 scrolls of remove curse
 v - a scroll of enchant armour {unknown}
 y - a scroll of blinking {unknown}
 C - 3 scrolls of magic mapping
 G - 2 scrolls of amnesia
 I - 2 scrolls of torment {unknown}
 J - a scroll of silence {unknown}
 K - a scroll of fog {unknown}
Potions
 e - 2 potions of ambrosia
 f - a potion of magic
 k - 2 potions of berserk rage
 n - 2 potions of curing
 q - 3 potions of lignification
 u - a potion of flight
 w - a potion of invisibility {unknown}
 x - 2 potions of brilliance
 z - a potion of resistance {unknown}
 A - a potion of cancellation {unknown}
 B - 2 potions of heal wounds
 F - a potion of agility {unknown}
 L - a potion of might {unknown}
Comestibles
 d - 13 rations


   Skills:
 - Level 1.3 Short Blades
 - Level 3.2 Dodging
 * Level 11.5 Stealth
 + Level 3.9 Shields
 + Level 7.1 Spellcasting
 * Level 10.0 Hexes
 + Level 1.7 Necromancy


You had 13 spell levels left.
You knew the following spells:

 Your Spells              Type           Power        Failure   Level  Hunger
a - Confuse               Hex            ######..     1%          3    None
b - Ensorcelled Hibernat  Hex/Ice        ####..       1%          2    None
c - Tukima's Dance        Hex            ######..     1%          3    None
d - Animate Skeleton      Necr           N/A          4%          1    None

Your spell library contained the following spells:

 Spells                   Type           Power        Failure   Level  Hunger
 Confusing Touch          Hex            ######       1%          1    None
 Corona                   Hex            ######.      1%          1    None
 Dazzling Spray           Conj/Hex       ####..       3%          3    None
 Pain                     Necr           ###.         4%          1    None
 Corpse Rot               Necr           N/A          7%          2    None
 Sublimation of Blood     Necr           ###.......   7%          2    None
 Apportation              Tloc           #.....       10%         1    None
 Summon Small Mammal      Summ           #...         10%         1    None
 Vampiric Draining        Necr           ###.......   14%         3    None
 Gell's Gravitas          Tloc           #.........   28%         3    None
 Metabolic Englaciation   Hex/Ice        ####......   34%         5    #####..
 Yara's Violent Unravell  Hex/Tmut       ####......   34%         5    #####..
 Petrify                  Tmut/Erth      #.......     67%         4    ###....


Dungeon Overview and Level Annotations

Branches:
Dungeon (9/15)             Temple (1/1) D:5            Lair (0/6) D:9
    Orc: D:9-12

Altars:
Cheibriados
Dithmenos
Fedhas
Kikubaaqudgha
Makhleb
Nemelex Xobeh
Sif Muna
Trog
Uskayaw
Wu Jian
Xom
Zin
The Shining One

Annotations:
D:2 Sigmund
D:4 exclusion: door
D:5 3 runed translucent doors, skumtomte's ghost, novice DECj
D:7 1 runed translucent door, Crazy Yiuf


Innate Abilities, Weirdness & Mutations

You are very small and have problems with some larger weapons.
You are too small for most types of armour.
You have supernaturally acute eyesight. (SInv)
You are a herbivore.
You cover ground extremely quickly.
You need to consume almost no food.


Message History

Your adder skeleton is destroyed!
You hit the death yak but do no damage. The death yak gores you!
You hit the death yak but do no damage. You hit the death yak but do no damage.
The death yak gores you!
* * * LOW HITPOINT WARNING * * *
You catch the helpless death yak completely off-guard!
You impale the death yak!!
The death yak is moderately wounded.
You block the death yak's attack.
You catch the helpless death yak completely off-guard!
You puncture the death yak!
The death yak is heavily wounded.
You block the death yak's attack.
You hit the death yak but do no damage.
The death yak is heavily wounded.
You hit the death yak but do no damage.
The death yak is heavily wounded.
The death yak gores you!
You die...
Kikubaaqudgha rasps: "You have failed me!
Welcome... death!"

....#....####.....## #.####..##
....##..## ##.....####.###....###
........## #..#....##........#...
....###..###..##....#.....####...
##..###........#......#..## #.>.
#..##..#...###......##))# ##...
##.###..#..## ###.....#.)####....
#..###..#..## ###..##.....##.....
<.......#...###.@.#####......#...
..%.....#........Y# ###.#####..
..%.........#####.# ##.# ##.
........#.### #.# #.## ##.
......####.## #.######.## ##..
......# #..# ##.........####..#
#....## ##.####.####......##..##
#....# #.....## #..##......#
.....# #....## #..###....##


You could see a death yak (confused).

Vanquished Creatures
  A deep elf mage (D:6)
  A hippogriff (D:7)
  A hungry ghost (D:8)
  2 water moccasins
  An ice beast (D:7)
  A phantom (D:8)
  An ogre (D:7)
  3 centaurs
  A big kobold (D:8)
  5 bullfrogs
  A scorpion (D:7)
  A wyvern skeleton (D:7)
  3 killer bees (D:7)
  2 bullfrog zombies (D:6)
  8 orc wizards
  6 hounds
  A jelly (D:8)
  A bullfrog skeleton (D:5)
  A centaur skeleton (D:7)
  2 orc priests
  An iguana (D:8)
  5 worker ants
  A howler monkey zombie (D:8)
  2 worker ant zombies
  10 adders
  2 shadow imps (D:5)
  An ooze (D:3)
  An adder skeleton (D:5)
  3 worms
  2 dart slugs (D:2)
  3 leopard geckos
  15 orcs
  2 ball pythons
  8 bats
  4 giant cockroaches
  5 goblins
  7 hobgoblins
  6 jackals
  7 quokkas
  4 frilled lizards
  A jackal skeleton (D:5)
  A jackal zombie (D:5)
  9 kobolds
  A quokka zombie (D:5)
  5 rats
149 creatures vanquished.

Vanquished Creatures (collateral kills)
  An orc (D:8)
  6 kobolds (D:8)
7 creatures vanquished.

Grand Total: 156 creatures vanquished

Notes
Turn   | Place    | Note
-------+----------+-------------------------------------------
     0 | D:1      | Gynju the Spriggan Enchanter began the quest for the Orb.
     0 | D:1      | Reached XP level 1. HP: 9/9 MP: 5/5
   236 | D:1      | Reached XP level 2. HP: 13/13 MP: 6/6
   872 | D:2      | Learned a level 2 spell: Ensorcelled Hibernation
  1120 | D:2      | Found a shimmering altar of Xom.
  1123 | D:2      | Noticed Sigmund
  1144 | D:2      | Found a faded altar of an unknown god.
  1201 | D:2      | Reached XP level 3. HP: 16/16 MP: 8/8
  1424 | D:3      | Noticed a bullfrog
  1431 | D:3      | Reached skill level 5 in Stealth
  1473 | D:3      | Killed a bullfrog
  1473 | D:3      | Reached skill level 1 in Shields
  1473 | D:3      | Reached XP level 4. HP: 21/21 MP: 6/10
  1698 | D:3      | Reached skill level 5 in Hexes
  1698 | D:3      | Reached XP level 5. HP: 24/24 MP: 6/11
  1915 | D:3      | Reached skill level 6 in Stealth
  2144 | D:3      | Reached XP level 6. HP: 28/28 MP: 3/13
  2860 | D:4      | Found a shimmering blue altar of Sif Muna.
  3258 | D:4      | Found a bloodstained altar of Trog.
  3477 | D:5      | Entered Level 5 of the Dungeon
  3529 | D:5      | Noticed a water moccasin
  3544 | D:5      | Killed a water moccasin
  3544 | D:5      | Reached XP level 7. HP: 32/32 MP: 12/15
  3549 | D:5      | Learned a level 3 spell: Confuse
  3553 | D:5      | Learned a level 3 spell: Tukima's Dance
  3568 | D:5      | Reached skill level 7 in Stealth
  3605 | D:5      | Reached skill level 5 in Spellcasting
  3646 | D:5      | Found a runed translucent gate.
  3647 | D:5      | Noticed skumtomte's ghost (novice DECj)
  3650 | D:5      | Found a runed translucent gate.
  3650 | D:5      | Found a runed translucent gate.
  3942 | D:5      | Found a staircase to the Ecumenical Temple.
  3955 | Temple   | Entered the Ecumenical Temple
  3963 | Temple   | Became a worshipper of Kikubaaqudgha
  4309 | D:6      | Reached skill level 8 in Stealth
  4328 | D:6      | Found a glowing golden altar of the Shining One.
  4653 | D:6      | Reached XP level 8. HP: 36/36 MP: 12/17
  4894 | D:6      | Noticed a deep elf mage
  4910 | D:6      | Killed a deep elf mage
  4910 | D:6      | Reached skill level 9 in Stealth
  5375 | D:7      | Found a runed translucent door.
  5376 | D:7      | Noticed Crazy Yiuf
  5468 | D:7      | Reached skill level 10 in Stealth
  5497 | D:7      | Noticed a hippogriff
  5510 | D:7      | Killed a hippogriff
  5717 | D:7      | Reached * piety under Kikubaaqudgha
  5717 | D:7      | Identified Kikubaaqudgha's Catalogue of Stolen Souls
                  | (Kikubaaqudgha gifted it to you on level 7 of the Dungeon)
  5717 | D:7      | Received a gift from Kikubaaqudgha
  5717 | D:7      | Reached XP level 9. HP: 39/39 MP: 15/19
  5721 | D:7      | Learned a level 1 spell: Animate Skeleton
  6376 | D:8      | Found a sparkling altar of Nemelex Xobeh.
  6591 | D:8      | Reached skill level 11 in Stealth
  6591 | D:8      | Reached skill level 1 in Necromancy
  7000 | D:8      | Reached ** piety under Kikubaaqudgha
  7380 | D:7      | Reached skill level 10 in Hexes
  7910 | D:9      | Found a staircase to the Lair.
  7910 | D:9      | Noticed a death yak
  7910 | D:9      | Noticed a death yak
  7911 | D:9      | Noticed a death yak
  7967 | D:9      | Noticed a death yak
  7967 | D:9      | Noticed a death yak
  8312 | D:8      | Slain by a death yak

Levels and vault maps discovered:
D:1:      tarquinn_simple_flora_water_f, layout_rooms
D:2:      layout_loops_cross, overflow_temple_1_default,
          chequers_ecumenical_altar_island, serial_glass, glass_columns_b,
          glass_columns_a, uniq_sigmund
D:3:      layout_loops_ring
D:4:      layout_gridville, bloody_trog, led_sif_book
D:5:      layout_basic, minmay_temple_entry_ruins, gammafunk_ghost_split,
          first_ration
D:6:      layout_loops_ring, old_standard_altar, nicolae_overflow_hidden_temple,
          serial_glass, glass_columns_a, glass_columns_c, minmay_misc_feat_x,
          guppyfry_early_elven_hall
D:7:      layout_cave_pools, uniq_crazy_yiuf_cottage
D:8:      layout_layer_cave, nemelex_xobeh_ov_fountains_minmay
D:9:      layout_stronghold, kennysheep_mini, kennysheep_mini_moat,
          dpeg_lair_monsters, enter_bailey_3, serial_column_ruins,
          column_ruins_temple_circle, column_ruins_grid_2,
          column_ruins_open_medium, column_ruins_open_large, column_ruins_grid_1
Temple:   eino_temple_lava

Skill      XL: |  1  2  3  4  5  6  7  8  9 |
---------------+----------------------------+-----
Spellcasting   | 3 4 5 6 7 |  7.1
Hexes          | 4 5 6 7 9 10 | 10.0
Stealth        | 5 6 8 10 11 | 11.5
Shields        | 1 2 3 |  3.9
Necromancy     | 1 |  1.7
Short Blades   | |  1.3
Dodging        | |  3.2

Action                   |  1- 3 |  4- 6 |  7- 9 || total
-------------------------+-------+-------+-------++-------
Melee: Dagger            |   108 |    70 |   146 ||   324
 Cast: Corona            |     2 |       |       ||     2
       Ensorcelled Hiber |     6 |    50 |    47 ||   103
       Confuse           |       |       |    26 ||    26
       Tukima's Dance    |       |       |     5 ||     5
       Animate Skeleton  |       |       |    10 ||    10
Invok: Receive Corpses   |       |       |     1 ||     1
  Use: Scroll            |       |    12 |     4 ||    16
 Stab: Sleeping          |    15 |    44 |    52 ||   111
       Distracted        |     1 |       |     3 ||     4
       Confused          |       |       |    14 ||    14
  Eat: Ration            |       |       |     3 ||     3
Armor: Robe              |     9 |     7 |    13 ||    29
Dodge: Dodged            |    68 |    37 |    57 ||   162
Block: Buckler           |    28 |    19 |    56 ||   103
       Reflection        |       |       |     2 ||     2

Table legend:
 A = Non-vault XP
 B = Vault XP
 C = Vault XP percentage of total XP
 D = Non-vault monster count
 E = Vault monster count
 F = Vault count percentage of total count
                 A         B        C        D         E       F
            +---------+---------+-------+---------+---------+-------
      Total |    3719 |     526 |  12.4 |     155 |       1 |   0.6
            +---------+---------+-------+---------+---------+-------
        D:1 |      18 |       0 |   0.0 |      14 |       0 |   0.0
        D:2 |      30 |       0 |   0.0 |      15 |       0 |   0.0
        D:3 |     380 |       0 |   0.0 |      32 |       0 |   0.0
        D:4 |     280 |       0 |   0.0 |      16 |       0 |   0.0
        D:5 |     480 |       0 |   0.0 |      19 |       0 |   0.0
        D:6 |     395 |     526 |  57.1 |       8 |       1 |  11.1
        D:7 |    1256 |       0 |   0.0 |      25 |       0 |   0.0
        D:8 |     880 |       0 |   0.0 |      26 |       0 |   0.0
            +---------+---------+-------+---------+---------+-------
